 Dungeon Crawl Stone Soup version 0.30-a0-989-g0d87f670db (webtiles) character file.

Game seed: 16182760370150319693

250 jtron the Sneak (level 5, -9/39 HPs)
             Began as a Demonspawn Wanderer on Apr 3, 2023.
             Mangled by an ice beast (13 damage)
             ... on level 5 of the Dungeon.
             The game lasted 00:07:12 (2870 turns).

jtron the Sneak (Demonspawn Wanderer)               Turns: 2870, Time: 00:07:13

Health: -9/39      AC:  3    Str: 11    XL:     5   Next: 88%
Magic:  7/7        EV: 13    Int: 12    God:
Gold:   1306       SH:  0    Dex: 17    Spells: 3/7 levels left

rFire   . . .      SeeInvis .    a - +3 falchion
rCold   . . .      Faith    .    (no shield)
rNeg    . . .      Spirit   .    d - +0 robe
rPois   +          Reflect  .    (helmet restricted)
rElec   .          Rampage  .    b - +0 cloak
rCorr   .                        (no gloves)
Will    .....                    (no boots)
Stlth   ++                       (no amulet)
HPRegen 0.26/turn                l - ring of poison resistance
MPRegen 0.10/turn                (no ring)

@: no status effects
A: horns 1, powered by death 2
a: no special abilities


You were on level 5 of the Dungeon.
You visited 1 branch of the dungeon, and saw 5 of its levels.

You collected 1306 gold pieces.

Inventory:

Hand Weapons
 a - a +3 falchion (weapon)
Missiles
 e - 32 stones (quivered)
Armour
 b - a +0 cloak (worn)
 d - a +0 robe (worn)
Magical Staves
 o - a staff of cold
Jewellery
 l - a ring of poison resistance (left hand)
Wands
 j - a wand of flame (14)
Scrolls
 g - a scroll of blinking
 h - a scroll of enchant armour {unknown}
 p - a scroll of magic mapping
 q - a scroll of fear {unknown}
 r - a scroll of poison {unknown}
Potions
 c - a potion of attraction
 m - a potion of cancellation


   Skills:
 * Level 2.4 Fighting
 + Level 3.0 Long Blades
 + Level 0.1 Throwing
 + Level 1.0 Armour
 + Level 2.6 Dodging
 - Level 3.1 Stealth
 * Level 1.9 Spellcasting
 * Level 1.3 Transmutations
 * Level 2.2 Poison Magic


You had 3 spell levels left.
You knew the following spells:

 Your Spells              Type           Power      Damage    Failure   Level
a - Sting                 Tmut/Pois      20%        1d4       13%         1
b - Mephitic Cloud        Conj/Pois/Air  2%         N/A       52%         3

Your spell library contained the following spells:

 Spells                   Type           Power      Damage    Failure   Level
 Passwall                 Tmut/Erth      1%         N/A       32%         2
 Ensorcelled Hibernation  Hex/Ice        2%         N/A       38%         2
 Swiftness                Air            1%         N/A       63%         3


Dungeon Overview and Level Annotations

Branches:
Dungeon (4/15)
 Temple: D:4-7

Altars:

Annotations:
D:3 3 runed translucent doors, jimonade's ghost, amateur HOFi
D:4 Blork the orc


Innate Abilities, Weirdness & Mutations

You have a pair of small horns on your head.
You regenerate health from kills.


Message History

Aim: an ice beast (68% to hit)
The puff of flame misses the ice beast.
You barely miss the ice beast. The ice beast hits you.
The ice beast freezes you!
You hit the ice beast.
The ice beast is lightly wounded.
The ice beast closely misses you.
The ice beast hits you but does no damage.
You hit the ice beast.
You punch the ice beast, but do no damage.
The ice beast is lightly wounded.
The ice beast hits you. The ice beast freezes you.
You barely miss the ice beast.
The ice beast is lightly wounded.
The ice beast hits you. The ice beast freezes you!
* * * LOW HITPOINT WARNING * * *
You hit the ice beast.
The ice beast is moderately wounded.
The ice beast closely misses you.
You hit the ice beast but do no damage.
The ice beast is moderately wounded.
The ice beast hits you but does no damage.
Okay, then.
Aiming: Throw Flame
Press: ? - help, Shift-Dir - straight line, f/p - ice beast
Aim: an ice beast (moderately wounded, 68% to hit)
The puff of flame hits the ice beast!
The ice beast melts!
The ice beast is heavily wounded.
The ice beast closely misses you.
Aiming: Throw Flame
Press: ? - help, Shift-Dir - straight line, f/p - ice beast
Aim: an ice beast (heavily wounded, 68% to hit)
The puff of flame misses the ice beast.
The ice beast closely misses you.
Aiming: Throw Flame
Press: ? - help, Shift-Dir - straight line, f/p - ice beast
Aim: an ice beast (heavily wounded, 68% to hit)
The puff of flame misses the ice beast.
The ice beast hits you.
* * * LOW HITPOINT WARNING * * *
The ice beast freezes you!
You die...

###.......##
#......####
#..##..#
#####..##..#
####..)...##..#
.....###).###.#
###.......###..
#..####....#...
#@...##.....
.......Y####
##).. ..##.#.##
.. .$ #. . #.
.. .. ... .
#... #.##


You could see an ice beast.

Vanquished Creatures
  An ogre (D:5)
  2 hounds
  Robin (D:3)
  A gnoll (D:1)
  2 adders
  2 orcs
  4 endoplasms
  2 giant cockroaches (D:1)
  11 goblins
  7 hobgoblins
  3 jackals (D:1)
  3 quokkas
  4 ball pythons
  5 bats
  2 frilled lizards (D:3)
  7 kobolds
  19 rats
76 creatures vanquished.

Notes
Turn   | Place    | Note
-------+----------+-------------------------------------------
     0 | D:1      | jtron the Demonspawn Wanderer began the quest for the Orb.
     0 | D:1      | jtron set off with the following items: a +2 falchion, a +0
                  | cloak, a potion of attraction, a +0 robe; and the following
                  | spell memorised: Sting; and the following spells available
                  | to memorise: Mephitic Cloud.
     0 | D:1      | Reached XP level 1. HP: 13/13 MP: 2/2
     9 | D:1      | Found a faded altar of an unknown god.
   106 | D:1      | Gained mutation: You have a pair of small horns on your
                  | head. [demonic ancestry]
   106 | D:1      | Reached XP level 2. HP: 14/20 MP: 0/3
   448 | D:1      | Reached skill level 1 in Fighting
   711 | D:2      | Gained mutation: You regenerate a little health from kills.
                  | [demonic ancestry]
   711 | D:2      | Reached XP level 3. HP: 26/26 MP: 4/4
  1487 | D:3      | Noticed Robin
  1544 | D:3      | Killed Robin
  1545 | D:3      | Reached XP level 4. HP: 29/32 MP: 6/6
  1819 | D:3      | Found a runed translucent gate.
  1819 | D:3      | Found a runed translucent gate.
  1819 | D:3      | Found a runed translucent gate.
  1852 | D:3      | Noticed jimonade's ghost (amateur HOFi)
  1957 | D:3      | Learned a level 3 spell: Mephitic Cloud
  2628 | D:4      | Identified a scroll of acquirement
  2628 | D:4      | Acquired 1164 gold pieces
  2644 | D:4      | Reached skill level 1 in Transmutations
  2680 | D:4      | Noticed Blork the orc
  2684 | D:4      | Gained mutation: You regenerate health from kills. [demonic
                  | ancestry]
  2684 | D:4      | Reached XP level 5. HP: 24/38 MP: 7/7
  2790 | D:4      | You fall into a shaft and drop 1 floor!
  2790 | D:5      | Entered Level 5 of the Dungeon
  2806 | D:5      | Noticed an ogre
  2812 | D:5      | Killed an ogre
  2859 | D:5      | Noticed an ice beast
  2870 | D:5      | Mangled by an ice beast

Illustrated notes

Levels and vault maps discovered:
D:1:      dpeg_arrival_solitude, layout_basic,
          dreamdust_ecumenical_altar_statues
D:2:      layout_basic
D:3:      layout_loops_corners, gammafunk_ghost_icy, chequers_jeans,
          minmay_rat_hole, uniq_robin
D:4:      layout_layer_cave, grunt_dithmenos_smoke_and_mirrors, uniq_eustachio,
          uniq_edmund, uniq_blork_the_orc
D:5:      layout_rooms, mainiacjoe_overflow_tiny_flanked, lemuel_doored_altar,
          minmay_temple_entry_glass

Skill      XL: |  1  2  3  4  5 |
---------------+----------------+-----
Dodging        | 2 |  2.6
Stealth        | 3 |  3.1
Fighting       | 1 2 |  2.4
Long Blades    | 2 3 |  3.0
Transmutations | 1 |  1.3
Poison Magic   | 2 |  2.2
Throwing       | |  0.1
Armour         | |  1.0
Spellcasting   | |  1.9

Action                     |  1- 3 |  4- 6 || total
---------------------------+-------+-------++-------
  Melee: Falchion          |   106 |   111 ||   217
         Headbutt          |     6 |    17 ||    23
         Punch             |       |     2 ||     2
  Throw: Stone             |       |     5 ||     5
   Cast: Sting             |     3 |     1 ||     4
  Evoke: Wand              |       |     5 ||     5
    Use: Potion            |     5 |     1 ||     6
         Scroll            |     3 |     5 ||     8
   Stab: Sleeping          |     2 |     1 ||     3
 Armour: Robe              |    12 |    26 ||    38
         Skin              |    68 |       ||    68
  Dodge: Dodged            |    56 |    73 ||   129

Table legend: (Time is in decaauts)
 A = Elapsed time spent in this place.
 B = Non-inter-level travel time spent in this place.
 C = Inter-level travel time spent in this place.
 D = Time resting spent in this place.
 E = Time spent auto-exploring this place.
 F = Levels seen in this place.
 G = Mean time per level.
                   A        B        C        D        E       F      G
               +--------+--------+--------+--------+--------+-----+--------+
         Total |   2919 |   2804 |    115 |    209 |   2020 |   5 |  583.8 |
       Dungeon |   2919 |   2804 |    115 |    209 |   2020 |   5 |  583.8 |
               +--------+--------+--------+--------+--------+-----+--------+

Top non-repeatable levels by time:
     D:3: 1263 daAuts
     D:2: 785 daAuts
     D:1: 706 daAuts
     D:5: 89 daAuts
     D:4: 75 daAuts
